 Dungeon Crawl Stone Soup version 0.19-a0-1019-g9c6a58d (webtiles) character file.

935 AlphabetPasta the Firebug (level 7, -11/62 HPs)
             Began as a Troll Fire Elementalist on July 25, 2016.
             Was an Initiate of Vehumet.
             Mangled by an ogre
             ... wielding a +0 giant spiked club
              (33 damage)
             ... on level 5 of the Dungeon.
             The game lasted 00:27:52 (3150 turns).

AlphabetPasta the Firebug (Troll Fire Elementalist) Turns: 3150, Time: 00:27:53

Health: -11/62     AC:  8    Str: 17    XL:     7   Next: 87%
Magic:  10/10      EV: 10    Int: 13    God:    Vehumet [......]
Gold:   252        SH:  0    Dex: 10    Spells: 4 memorised, 2 levels left

rFire  . . .     SeeInvis .       - Unarmed
rCold  . . .     Gourm    +     a - +0 robe
rNeg   + . .     Faith    .     (no shield)
rPois  .         Spirit   .     (helmet restricted)
rElec  .         Dismiss  .     q - +2 cloak
rCorr  .         Reflect  .     (gloves unavailable)
SustAt .         Harm     .     (boots unavailable)
MR     .....                    (no amulet)
Stlth  +.........               (no ring)
                                j - ring of positive energy

@: not resistant to hostile enchantments, very unstealthy
A: unfitting armour, claws 3, fast metabolism 3, gourmand, regeneration 2,
shaggy fur 1, tough skin 2
a: Renounce Religion


You were on level 5 of the Dungeon.
You worshipped Vehumet.
Vehumet was noncommittal.
You were completely stuffed.

You visited 2 branches of the dungeon, and saw 6 of its levels.

You collected 252 gold pieces.

Inventory:

Armour
 a - a +0 robe (worn)
 q - a +2 cloak (worn)
Jewellery
 i - a cursed ring of loudness {unknown}
 j - a ring of positive energy (left claw)
 k - an uncursed ring of protection from fire {unknown}
 v - an uncursed amulet of dismissal
Wands
 m - a wand of slowing (32/48)
 r - a wand of slowing (16/48)
 u - a wand of iceblast (3/15)
 x - a wand of acid (14/15)
 y - a wand of lightning (5/15)
Scrolls
 n - a scroll of teleportation
 o - 3 scrolls of magic mapping
 z - a scroll of fear
Potions
 d - 2 potions of flight
 e - 6 potions of curing
 f - a potion of heal wounds
 g - a potion of lignification {unknown}
 l - a potion of haste {unknown}
 s - a potion of brilliance {unknown}
 t - a potion of invisibility {unknown}
 w - 2 potions of magic {unknown}
Books
 b - a book of Flames

   Spells                             Type                      Level
   a - Flame Tongue                   Conjuration/Fire             1
   b - Throw Flame                    Conjuration/Fire             2
   c - Conjure Flame                  Conjuration/Fire             3
   d - Inner Flame                    Hexes/Fire                   3
   e - Sticky Flame                   Conjuration/Fire             4
   f - Fireball                       Conjuration/Fire             5
Comestibles
 c - 8 bread rations
 h - 2 meat rations
 p - 4 fruits


   Skills:
 + Level 1.5 Fighting
 - Level 2.0 Dodging
 - Level 1.1 Stealth
 - Level 2.1 Unarmed Combat
 + Level 3.0 Spellcasting
 - Level 0.6 Conjurations
 * Level 5.4 Fire Magic
 - Level 1.3 Evocations


You had 2 spell levels left.
You knew the following spells:

 Your Spells              Type           Power        Failure   Level  Hunger
a - Flame Tongue          Conj/Fire      #....        10%         1    #......
b - Throw Flame           Conj/Fire      #.....       12%         2    ###....
c - Conjure Flame         Conj/Fire      #.......     21%         3    ###....
d - Sticky Flame          Conj/Fire      #.......     75%         4    #####..


Dungeon Overview and Level Annotations

Branches:
Dungeon (5/15)             Temple (1/1) D:5

Altars:
Ashenzari
Cheibriados
Dithmenos
Elyvilon
Fedhas
Gozag
Kikubaaqudgha
Makhleb
Okawaru
Pakellas
Vehumet
Yredelemnul
The Shining One


Innate Abilities, Weirdness & Mutations

You are too large for most types of armour.
You have claws for hands.
Your metabolism is lightning-fast.
You like to eat raw meat.
You heal very quickly.
You are covered in fur. (AC +1)
You have very tough skin. (AC +2)


Message History

You scratch the ogre but do no damage.
The ogre hits you with a giant spiked club!
You scratch the ogre.
The ogre is lightly wounded.
You scratch the ogre.
The ogre is lightly wounded.
The ogre hits you with a giant spiked club.
You scratch the ogre but do no damage.
The ogre is lightly wounded.
The ogre hits you with a giant spiked club.
You scratch the ogre.
The ogre is moderately wounded.
You scratch the ogre but do no damage.
The ogre is moderately wounded.
The ogre hits you with a giant spiked club!
You claw the ogre!
The ogre is heavily wounded.
The ogre hits you with a giant spiked club!!
Ouch! That really hurt!
You die...

##..####.#############'####....##
##..####.####.#...........#......
.........^....'...........#......
..............#...........#......
..............#...........'......
....##..[######...........#######
....##...####.#########..........
...........#.....O....#..........
...........#....@# #..........
...........#.....# #..........
...........#.....# #..........
.>.........#.....# #..........
....##....###'#########..........
....##....#...............####+##
###'##....#...............#......
.....#....#...............#......
.....#....#...............#......


You could see an ogre.

Vanquished Creatures
  The ghost of ViktorHollow the Shooter, an amateur CeHu of Okawaru (D:5)
  A phantom (D:4)
  An ogre (D:4)
  A centaur (D:4)
  A scorpion (D:4)
  A giant frog skeleton (D:5)
  2 hounds (D:5)
  An orc priest (D:4)
  2 iguanas
  2 worker ants (D:4)
  A killer bee zombie (D:5)
  Robin (D:3)
  6 adders
  An adder skeleton (D:5)
  4 worms
  2 dart slugs
  4 giant geckos
  7 orcs
  2 giant cockroaches
  8 hobgoblins
  3 jackals (D:4)
  6 kobolds
  A quokka (D:3)
  5 bats
  5 giant newts
  14 goblins
  12 rats
95 creatures vanquished.

Vanquished Creatures (others)
  An orc wizard (D:4)
1 creature vanquished.

Grand Total: 96 creatures vanquished

Notes
Turn   | Place    | Note
-------+----------+-------------------------------------------
     0 | D:1      | AlphabetPasta the Troll Fire Elementalist began the quest for the Orb.
     0 | D:1      | Reached XP level 1. HP: 16/16 MP: 1/1
   353 | D:1      | Reached XP level 2. HP: 24/24 MP: 3/3
   357 | D:1      | Learned a level 2 spell: Throw Flame
   458 | D:1      | Found a glowing golden altar of the Shining One.
   672 | D:2      | Reached XP level 3. HP: 29/31 MP: 4/4
   677 | D:2      | Reached skill level 1 in Unarmed Combat
  1089 | D:2      | Found an opulent altar of Gozag.
  1091 | D:2      | Found a basalt altar of Yredelemnul.
  1093 | D:2      | Found a blossoming altar of Fedhas.
  1214 | D:3      | Reached skill level 3 in Fire Magic
  1223 | D:3      | Reached XP level 4. HP: 33/39 MP: 5/5
  1231 | D:3      | Learned a level 3 spell: Conjure Flame
  1486 | D:3      | Noticed Robin
  1521 | D:3      | Killed Robin
  1684 | D:4      | Found a snail-covered altar of Cheibriados.
  1828 | D:4      | Reached skill level 1 in Fighting
  1828 | D:4      | Reached XP level 5. HP: 48/48 MP: 4/7
  1980 | D:4      | Learned a level 3 spell: Conjure Flame
  2120 | D:4      | Reached skill level 4 in Fire Magic
  2120 | D:4      | Reached XP level 6. HP: 44/55 MP: 8/8
  2267 | D:4      | Reached skill level 1 in Evocations
  2347 | D:4      | Learned a level 4 spell: Sticky Flame
  2416 | D:4      | Reached XP level 7. HP: 58/62 MP: 1/10
  2494 | D:5      | Entered Level 5 of the Dungeon
  2663 | D:5      | Noticed ViktorHollow's ghost (amateur CeHu)
  2710 | D:5      | Killed ViktorHollow's ghost
  2710 | D:5      | Reached skill level 5 in Fire Magic
  2937 | D:5      | Found a staircase to the Ecumenical Temple.
  2946 | Temple   | Entered the Ecumenical Temple
  2983 | Temple   | Became a worshipper of Vehumet
  3150 | D:5      | Mangled by an ogre

Vault maps used:
D:1:      saegor_arrival_simple_e, tso_altar
D:2:      grunt_temple_overflow_diamond
D:3:      minmay_fountain_box, uniq_robin
D:4:      cheibriados_altar_1, first_bread
Temple:   jpeg_temple_island

Skill      XL: |  1  2  3  4  5  6  7 |
---------------+----------------------+-----
Unarmed Combat | 1 2 |  2.1
Fire Magic     | 3 4 5 |  5.4
Fighting       | 1 |  1.5
Spellcasting   | 2 3 |  3.0
Evocations     | 1 |  1.3
Dodging        | 2 |  2.0
Stealth        | |  1.1
Conjurations   | |  0.6

Action                   |  1- 3 |  4- 6 |  7- 9 || total
-------------------------+-------+-------+-------++-------
Melee: Unarmed           |   119 |   186 |    85 ||   390
       Punch             |       |       |     2 ||     2
 Cast: Flame Tongue      |     3 |    19 |    12 ||    34
       Throw Flame       |       |     7 |     2 ||     9
  Use: Scroll            |       |    12 |     1 ||    13
 Stab: Sleeping          |     2 |     1 |       ||     3
  Eat: Chunk             |    17 |    12 |     7 ||    36
Armor: Robe              |    51 |   103 |    31 ||   185
Dodge: Dodged            |    72 |    98 |    36 ||   206
